 Dungeon Crawl Stone Soup version 0.30.1-9-gdf580d7c3d (webtiles) character file.

Game seed: 2462185030233379462

30 Psyclone the Conjurer (level 3, 19/19 HPs)
             Began as a Deep Elf Conjurer on Sept 29, 2023.
             Quit the game on level 1 of the Dungeon.
             The game lasted 00:01:29 (1083 turns).

Psyclone the Conjurer (Deep Elf Conjurer)           Turns: 1083, Time: 00:01:30

Health: 19/19      AC:  2    Str:  4    XL:     3   Next: 5%
Magic:  10/10      EV: 12    Int: 24    God:
Gold:   46         SH:  0    Dex: 13    Spells: 7/10 levels left

rFire   . . .        (no weapon)
rCold   . . .        (no shield)
rNeg    . . .        a - +0 robe
rPois   .            (no helmet)
rElec   .            (no cloak)
rCorr   .            (no gloves)
SInv    .            (no boots)
Will    .....        (no amulet)
Stlth   ++           (no ring)
HPRegen 0.23/turn    (no ring)
MPRegen 0.12/turn

%: no passive effects
@: flying
A: no striking features
a: no special abilities


You were on level 1 of the Dungeon.
You visited 1 branch of the dungeon, and saw 1 of its levels.

You collected 46 gold pieces.

Inventory:

Armour
 a - a +0 robe (worn)
Jewellery
 c - a ring of protection from fire
 f - a ring of willpower
Potions
 b - a potion of magic
 e - a potion of curing


   Skills:
 - Level 2.4 Dodging
 - Level 2.4 Stealth
 + Level 4.1 Spellcasting
 + Level 5.0 Conjurations


You had 7 spell levels left.
You knew the following spells:

 Your Spells              Type           Power      Damage    Failure   Level
a - Magic Dart            Conj           100%       1d8       1%          1
b - Searing Ray           Conj           56%        2d6       1%          2

Your spell library contained the following spells:

 Spells                   Type           Power      Damage    Failure   Level
 Freeze                   Ice            16%        1d4       10%         1
 Dazzling Flash           Conj/Hex       32%        N/A       11%         3
 Hailstorm                Conj/Ice       16%        3d6       11%         3
 Frozen Ramparts          Ice            8%         1d2       28%         3
 Fulminant Prism          Conj/Hex       8%         3d7       34%         4
 Iskenderun's Mystic Bla  Conj/Tloc      16%        2d5       34%         4


Dungeon Overview and Level Annotations

Branches:
Dungeon (1/15) Zot: 4932

Altars:


Message History

Confirm with . or Enter, or press ? or * to list all spells.
Aiming: Magic Dart (safe; 1% risk of failure)
Press: ? - help, Shift-Dir - straight line, f/p - endoplasm
Aim: an endoplasm (heavily wounded, 100% to hit)
The magic dart hits the endoplasm.
You kill the endoplasm!
You now have 7/10 mp.
Casting: Magic Dart (safe; 1% risk of failure)
Confirm with . or Enter, or press ? or * to list all spells.
You can't see any susceptible monsters within range! (Use Z to cast anyway.) Unknown command.
Casting: Magic Dart (safe; 1% risk of failure)
Confirm with . or Enter, or press ? or * to list all spells.
You can't see any susceptible monsters within range! (Use Z to cast anyway.) Unknown command.
Casting: Magic Dart (safe; 1% risk of failure)
Confirm with . or Enter, or press ? or * to list all spells.
You can't see any susceptible monsters within range! (Use Z to cast anyway.) Unknown command.
Casting: Magic Dart (safe; 1% risk of failure)
Confirm with . or Enter, or press ? or * to list all spells.
You can't see any susceptible monsters within range! (Use Z to cast anyway.)
You see here 3 stones.
g - a bubbling inky potion MP restored: 10
Found a cloak.
You see here a +0 cloak.
Done exploring.
Memorise Searing Ray, consuming 2 spell levels and leaving 7?
You start memorising the spell.
You continue memorising. x2
You finish memorising.
Spell assigned to 'b'.
As you read the scroll labelled VESAITWI QEUVO, it crumbles to dust.
It is a scroll of amnesia.
Really abort (and waste the scroll)?
Okay, then.
It was a potion of curing.
You feel better.
It was a potion of flight.
You feel very buoyant.
You fly up into the air.
Are you sure you want to abandon this character and quit the game? (Confirm with "yes".)

###### .....#
############ .....#
#..........#
..)..######.########.#
.........##.###### #.#
...........#....@# #.#
......##.##.####.# #.#
.....###.##.# #.# #.#
..#### #.##.####.# #.#
..# #.......#.# #.#
.## #.##.##.#.# #.# .#
##.##.##.#.# #.# ##
#........#.# #.# #
#..##.##.#.###.#


There were no monsters in sight!

Vanquished Creatures
  2 dart slugs (D:1)
  A ball python (D:1)
  2 endoplasms (D:1)
  2 giant cockroaches (D:1)
  4 goblins (D:1)
  3 hobgoblins (D:1)
  3 jackals (D:1)
  2 bats (D:1)
  2 frilled lizards (D:1)
  2 kobolds (D:1)
23 creatures vanquished.

Notes
Turn   | Place    | Note
-------+----------+-------------------------------------------
     0 | D:1      | Psyclone the Deep Elf Conjurer began the quest for the Orb.
     0 | D:1      | Reached XP level 1. HP: 10/10 MP: 6/6
   265 | D:1      | Reached XP level 2. HP: 15/15 MP: 1/8
   783 | D:1      | Reached XP level 3. HP: 19/19 MP: 8/10
   928 | D:1      | Reached skill level 5 in Conjurations
  1080 | D:1      | Learned a level 2 spell: Searing Ray
  1083 | D:1      | Quit the game

Illustrated notes

Levels and vault maps discovered:
D:1:      scummos_arrival_hexagon, layout_loops_ring

Skill      XL: |  1  2  3 |
---------------+----------+-----
Spellcasting   | 4 |  4.1
Conjurations   | 5 |  5.0
Dodging        | |  2.4
Stealth        | |  2.4

Action                     || total
---------------------------++-------
   Cast: Magic Dart        ||    44
    Use: Potion            ||     3
         Scroll            ||     1
 Armour: Robe              ||     1
  Dodge: Dodged            ||     5
